 Dungeon Crawl Stone Soup version 0.28-a0-1447-ga5a8893891 (webtiles) character file.

Game seed: 3732231263363347675

7562 Hasart the Spear-Bearer (level 11, -9/75 HPs)
             Began as an Octopode Fighter on Jan 10, 2022.
             Was an Initiate of Gozag.
             Mangled by a vampire (12 damage)
             ... on level 10 of the Dungeon.
             The game lasted 00:23:44 (10817 turns).

Hasart the Spear-Bearer (Octopode Fighter)         Turns: 10817, Time: 00:23:44

Health: -9/75      AC:  1    Str: 17    XL:     11   Next: 17%
Magic:  11/11      EV: 16    Int: 15    God:    Gozag
Gold:   862        SH:  0    Dex: 14    Spells: 8/10 levels left

rFire   . . .      SeeInvis +   y - +7 hand axe of Dissent {flame, Int+4}
rCold   . . .      Faith    .   b - +1 buckler
rNeg    . . .      Spirit   .   (helmet restricted)
rPois   +          Reflect  .   w - amulet of regeneration
rElec   .          Harm     .   f - ring of see invisible
rCorr   .          Rampage  .   n - ring of poison resistance
Will    .....                   (no ring)
Stlth   ++........              (no ring)
HPRegen 1.02/turn               (no ring)
MPRegen 0.12/turn               (no ring)
                                (no ring)
                                (no ring)

@: confused
A: almost no armour, amphibious, 8 rings, camouflage 1, gelatinous body 1,
(nimble swimmer 1), tentacles
a: Renounce Religion, Potion Petition, Call Merchant, Bribe Branch


You were on level 10 of the Dungeon.
You worshipped Gozag.
Gozag was pleased with you.
You visited 2 branches of the dungeon, and saw 11 of its levels.
You also visited: Sewer and Bailey.

You collected 2465 gold pieces.
You spent 954 gold pieces at shops.
You paid 649 gold pieces to Gozag.

Inventory:

Hand Weapons
 a - a +1 trident
 e - a +0 hand axe of venom
 j - the +3 trident of Fahem {antimagic, *Rage rF+ Dex+4}
   (You bought it in a shop on level 8 of the Dungeon)

   It reduces the magical energy of the wielder, and disrupts the spells and
   magical abilities of those it strikes.
   Natural abilities and divine invocations are not affected.
   Dex:       It affects your dexterity (+4).
   rF:        It protects you from fire.
   *Rage:     It berserks you when you make melee attacks (+20% chance).
 v - a +5 morningstar
 y - the +7 hand axe of Dissent (weapon) {flame, Int+4}
   (You bought it in a shop on level 8 of the Dungeon)

   It burns those it strikes, dealing additional fire damage.
   Big, fiery blades are also staple armaments of hydra-hunters.
   Int:       It affects your intelligence (+4).
Missiles
 z - 3 throwing nets
 D - 50 poisoned darts (quivered)
Armour
 b - a +1 buckler (worn)
 o - a +0 tower shield
Jewellery
 f - a ring of see invisible (left tentacle)
 n - a ring of poison resistance (right tentacle)
 r - a ring of fire
 w - an amulet of regeneration (around mantle)
 x - a ring of protection from cold
Wands
 k - a wand of acid (2)
Scrolls
 d - a scroll of teleportation
 g - 3 scrolls of magic mapping
 h - 5 scrolls of identify
 t - a scroll of enchant armour
 B - a scroll of enchant weapon
 G - a scroll of blinking {unknown}
Potions
 c - 2 potions of might
 i - 3 potions of mutation
 l - a potion of degeneration
 m - a potion of curing {unknown}
 p - 2 potions of flight {unknown}
 q - a potion of attraction {unknown}
 s - a potion of brilliance {unknown}
 u - 2 potions of heal wounds
 A - a potion of magic {unknown}
 C - 4 potions of resistance
 E - a potion of cancellation {unknown}
 F - a potion of haste {unknown}


   Skills:
 + Level 7.5 Fighting
 * Level 4.1(7.1) Axes
 - Level 9.0(9.4) Polearms
 + Level 4.2 Throwing
 + Level 7.6 Dodging
 + Level 7.5 Shields
 + Level 5.1 Transmutations


You had 8 spell levels left.
You knew the following spells:

 Your Spells              Type           Power      Damage    Failure   Level
a - Wereblood             Tmut           15%        N/A       6%          2

Your spell library contained the following spells:

 Spells                   Type           Power      Damage    Failure   Level
 Beastly Appendage        Tmut           30%        N/A       4%          1
 Spider Form              Tmut/Pois      7%         N/A       34%         3
 Dazzling Flash           Conj/Hex       0%         N/A       69%         3
 Iskenderun's Mystic Bla  Conj/Tloc      0%         2d3       97%         4
 Starburst                Conj/Fire      0%         6d3       100%        6
 Malign Gateway           Summ/Tloc      0%         N/A       100%        7
 Summon Horrible Things   Summ           0%         N/A       100%        8


Dungeon Overview and Level Annotations

Branches:
Dungeon (10/15)            Temple (1/1) D:6            Lair (0/6) D:8
    Orc (0/2) D:10          Sewer (visited)          Bailey (visited)

Altars:
Ashenzari
Cheibriados
Dithmenos
Elyvilon
Fedhas
Gozag
Hepliaklqana
Kikubaaqudgha
Makhleb
Nemelex Xobeh
Okawaru
Qazlal
Ru
Sif Muna
Trog
Uskayaw
Vehumet
Wu Jian
Xom
Yredelemnul
Zin
The Shining One
Beogh

Shops:
D:6 =   D:7 *[?((   D:8 [((   D:10 ([

Annotations:
D:7 3 runed translucent doors, p0werm0de's ghost, novice PaCK


Innate Abilities, Weirdness & Mutations

You cannot wear most types of armour.
You are amphibious.
You can wear up to eight rings at the same time.
Your skin changes colour to match your surroundings (Stealth+).
Your rubbery body absorbs attacks. (AC +1, EV +1)
((You are camouflaged when in or above water. (Stealth+)))
You have tentacles for arms and can constrict up to eight enemies at once.


Message History

A vampire comes into view.
There is a large open door here.
A vampire is nearby!
A vampire is nearby!
A vampire is nearby!
A vampire is nearby!
Found 10 gold pieces and 20 stones.
Found 7 gold pieces.
The vampire mumbles some strange words.
The vampire flickers and vanishes for a moment.
A two-headed ogre comes into view. It is wielding two +0 giant clubs.
The two-headed ogre shouts in stereo!
You slash the vampire! You burn the vampire. You grab the vampire.
You squeeze the vampire!
The vampire is almost destroyed.
You constrict the vampire, but do no damage.
The vampire casts a spell at you.
You are confused.
You release your grip on the vampire.
Found a scroll of enchant weapon.
The vampire barely misses you. The vampire misses you.
You hit the two-headed ogre. You burn the two-headed ogre.
The two-headed ogre is lightly wounded.
You barely miss the vampire.
The vampire points at you and mumbles some strange words.
You resist with some effort. The two-headed ogre misses you.
The two-headed ogre hits you with a +0 giant club!!
Unknown command.
The vampire barely misses you. The vampire closely misses you.
The two-headed ogre hits you with a +0 giant club.
The two-headed ogre hits you with a +0 giant club!!
The vampire draws life force from you!
* * * LOW HITPOINT WARNING * * *
The vampire is healed by the life force!
Found a dagger.
The vampire closely misses you. x2
The two-headed ogre barely misses you.
The two-headed ogre hits you with a +0 giant club!!
* * * LOW HITPOINT WARNING * * *
The vampire misses you. The vampire bites you!
You die...
Your body crumbles into a pile of gold.

*,,,,........#.####.#
****,,,,.....(..#......#
,,,,***+#......>...##,##
,,,,,,,,#########''######**
,,,,******≈≈≈≈≈≈≈..≈≈≈≈≈≈≈*
,,,,,,,,,*≈..............≈****
,,,,≈≈****≈.♣♣♣♣....♣♣♣♣.≈*,,*
,,,,≈≈≈* *≈,* ♣....♣ *,≈**,*
,,,,≈≈≈***≈,* ♣@V..♣ *,≈**,*
,,,,,,,,,*≈,***♣O...♣***,≈*,,*
*≈≈≈≈≈≈*,*≈..)........?..≈*,**
**≈≈≈≈≈*,+.......$(......,+,*
,,,≈≈≈≈*,+.......$.......,+,*
**,*≈≈****≈..............≈***
*,**** *≈.♣♣♣♣....♣♣♣♣.≈* *,*
*≈.* ♣....♣ *,≈* *,* *≈,*
♣....♣ *,≈*


You could see a two-headed ogre and a vampire (invisible).

Vanquished Creatures
  An orc knight (Bailey)
  Pikel (D:6)
  An unseen horror (D:10)
  A wyvern (D:9)
  A vampire (D:9)
  2 steam dragons
  Grum (D:8)
  3 vampire mosquitoes (D:10)
  2 water moccasins
  11 orc warriors
  A hornet zombie (D:7)
  A sky beast (D:6)
  2 ice beasts
  A black bear (D:8)
  3 ogres
  2 necrophages (D:5)
  3 wolves (D:8)
  A phantom (D:5)
  2 lemures (D:7)
  2 kobold brigands
  Blork the orc (D:6)
  6 bullfrogs
  5 scorpions
  3 gnoll sergeants
  3 water moccasin skeletons
  4 killer bees (D:9)
  5 wights (D:8)
  A howler monkey (D:10)
  A crimson imp (D:6)
  A bullfrog zombie (D:10)
  A centaur zombie (D:6)
  3 jellies
  5 orc priests
  A centaur skeleton (D:7)
  A bullfrog skeleton (D:6)
  2 gnoll shamans (D:7)
  An iron imp (D:7)
  2 iguanas
  9 orc wizards
  A hound zombie (D:5)
  7 adders
  16 gnolls
  5 river rats (Sewer)
  3 white imps
  An adder zombie (D:5)
  6 worms
  2 dart slugs (D:1)
  48 orcs
  4 bats
  9 endoplasms
  4 giant cockroaches
  10 goblins
  8 hobgoblins
  4 jackals
  5 quokkas
  15 ball pythons
  6 frilled lizards
  24 kobolds
  19 rats
294 creatures vanquished.

Vanquished Creatures (others)
  An orc wizard (D:8)
  An orc (D:8)
  26 fungi (D:8)
  31 plants (D:8)
59 creatures vanquished.

Grand Total: 353 creatures vanquished

Notes
Turn   | Place    | Note
-------+----------+-------------------------------------------
     0 | D:1      | Hasart the Octopode Fighter began the quest for the Orb.
     0 | D:1      | Reached XP level 1. HP: 16/16 MP: 1/1
   131 | D:1      | Reached XP level 2. HP: 17/21 MP: 2/2
   278 | D:1      | Found a faded altar of an unknown god.
   418 | D:1      | Reached XP level 3. HP: 26/26 MP: 3/3
  1020 | D:2      | Reached skill level 3 in Polearms
  1020 | D:2      | Reached XP level 4. HP: 20/31 MP: 4/4
  2540 | D:3      | Reached XP level 5. HP: 36/36 MP: 5/5
  2796 | D:4      | Found a stormy altar of Qazlal.
  2837 | D:4      | Reached skill level 4 in Polearms
  3331 | D:4      | Reached XP level 6. HP: 43/43 MP: 6/6
  3758 | D:4      | Found a bloodstained altar of Trog.
  3759 | D:4      | Found an ornate altar of the Wu Jian Council.
  3774 | D:5      | Entered Level 5 of the Dungeon
  4219 | D:5      | Reached XP level 7. HP: 38/48 MP: 7/7
  4351 | D:5      | Reached skill level 5 in Polearms
  4399 | D:5      | Found an iron altar of Okawaru.
  4629 | D:5      | Reached XP level 8. HP: 31/54 MP: 8/8
  4726 | D:5      | Reached skill level 5 in Fighting
  4726 | D:5      | Reached skill level 6 in Polearms
  4726 | D:5      | Reached skill level 5 in Dodging
  4726 | D:5      | Reached skill level 5 in Shields
  4996 | D:6      | Found a glowing drain.
  5012 | Sewer    | Entered a sewer
  5639 | D:6      | Identified the +4 arbalest of Qeanil {penet, rF+ Will+
                  | Str+4 Dex-4}
  5656 | D:6      | Learned a level 2 spell: Wereblood
  5778 | D:6      | Found a staircase to the Ecumenical Temple.
  5786 | Temple   | Entered the Ecumenical Temple
  5803 | Temple   | Became a worshipper of Gozag Ym Sagoz the Greedy
  5841 | Temple   | Identified a scroll of acquirement
  5841 | Temple   | Acquired 921 gold pieces
  5911 | D:6      | Bought a ring of see invisible for 225 gold pieces
  5983 | D:6      | Bought a ring of poison resistance for 300 gold pieces
  6156 | D:6      | Reached skill level 1 in Transmutations
  6174 | D:6      | Found an ancient bone altar of Kikubaaqudgha.
  6377 | D:6      | Found a burning altar of Makhleb.
  6377 | D:6      | Noticed Blork the orc
  6382 | D:6      | Killed Blork the orc
  6383 | D:6      | Reached skill level 7 in Polearms
  6469 | D:6      | Reached XP level 9. HP: 36/62 MP: 9/9
  6673 | D:7      | Found Sef Lodd's Antique Weapon Emporium.
  6694 | D:7      | Noticed Pikel
  6694 | D:7      | Found Zoiddop's Assorted Antiques.
  6742 | D:6      | Killed Pikel
  7012 | D:7      | Found a runed translucent gate.
  7012 | D:7      | Found a runed translucent gate.
  7012 | D:7      | Noticed p0werm0de's ghost (novice PaCK)
  7013 | D:7      | Found a runed translucent gate.
  7024 | D:7      | Identified the +13 chain mail of the Past {rElec Str+3}
  7193 | D:7      | Found Tievunik's Armour Emporium.
  7208 | D:7      | Found Ylaup's Magic Scroll Shoppe.
  7273 | D:7      | Reached skill level 8 in Polearms
  7395 | D:7      | Reached skill level 1 in Throwing
  7459 | D:7      | Found Sauleabb's Weapon Emporium.
  7601 | D:7      | Found a snail-covered altar of Cheibriados.
  7698 | D:8      | Found Diyczex's Antique Weapon Emporium.
  7701 | D:8      | Bought a faintly glowing trident for 221 gold pieces
  7701 | D:8      | Identified the +3 trident of Fahem {antimagic, *Rage rF+
                  | Dex+4} (You bought it in a shop on level 8 of the Dungeon)
  7815 | D:8      | Found a staircase to the Lair.
  7839 | D:8      | Reached XP level 10. HP: 65/69 MP: 3/10
  8204 | D:8      | Found Puneafi's Antique Weapon Emporium.
  8246 | D:8      | Found Axtaf's Armour Shoppe.
  8396 | D:8      | Noticed Grum
  8414 | D:8      | Killed Grum
  8415 | D:8      | Reached skill level 9 in Polearms
  8642 | D:8      | Bought a twisted hand axe for 208 gold pieces
  8642 | D:8      | Identified the +7 hand axe of Dissent {flame, Int+4} (You
                  | bought it in a shop on level 8 of the Dungeon)
  8854 | D:8      | Found a glowing silver altar of Zin.
  9020 | D:9      | Found a sacrificial altar of Ru.
  9130 | D:9      | Reached skill level 1 in Axes
  9905 | D:10     | Entered Level 10 of the Dungeon
  9991 | D:10     | Found a flagged portal.
 10008 | Bailey   | Entered a bailey
 10367 | Bailey   | Identified the +2 cloak "Peawuuz" {-Cast Harm rCorr Dex-5}
 10378 | Bailey   | Noticed an orc knight
 10463 | Bailey   | Killed an orc knight
 10467 | Bailey   | Reached XP level 11. HP: 75/75 MP: 11/11
 10664 | D:10     | Found Diphon's Weapon Boutique.
 10685 | D:10     | Reached skill level 5 in Transmutations
 10768 | D:10     | Found a staircase to the Orcish Mines.
 10770 | D:10     | Found Werelukh's Armour Boutique.
 10809 | D:10     | Noticed a two-headed ogre
 10816 | D:10     | HP: 2/75 [two-headed ogre (22)]
 10817 | D:10     | Mangled by a vampire

Illustrated notes

Levels and vault maps discovered:
D:1:      psy_arrival_whirlpool, layout_basic,
          shapermc_ecumenical_altar_notcrosses, minmay_pentomino_w4
D:2:      minmay_diamond_boxcup, layout_loops_corners
D:3:      layout_basic, serial_glass, glass_columns_b, glass_columns_c,
          minmay_splitting_lines
D:4:      layout_gridville, gammafunk_temple_overflow_claw,
          hangedman_decor_lopped
D:5:      layout_loops_ring, kennysheep_diamond
D:6:      layout_loops_ring, makhleb_grotto_becter,
          mainiacjoe_overflow_24_doors, temple_doors_ab,
          cheibrodos_sewer_entry_drain, uniq_blork_the_orc
D:7:      layout_cave_pools, slow_altar_2, biasface_ghost_orc_armoury,
          serial_shops, kennysheep_little_box, shop, shop, shop, shop_fountains,
          hangedman_abyss_or_decor_lesser_grid, wad_rectangle_vault, uniq_pikel
D:8:      layout_basic, kennysheep_mini_moat, due_lair_maze_entry_diamond,
          serial_shops, nicolae_shop_competitors_out_of_business,
          nicolae_lakefront_shop, nicolae_shop_hallway_stairs, uniq_grum
D:9:      layout_stronghold, mainiacjoe_overflow_six_doors_small
D:10:     layout_basic, orc_david_3, enter_bailey_2,
          chequers_serial_rivers_room_b, ldierk_geyser, kennysheep_dice
Temple:   zaba_magenta_temple

Skill      XL: |  1  2  3  4  5  6  7  8  9 10 11 |
---------------+----------------------------------+-----
Polearms       | 3 4 5 7 8 9 |  9.0
Fighting       | 4 5 6 7 |  7.5
Dodging        | 4 5 6 7 |  7.6
Shields        | 4 5 6 7 |  7.5
Transmutations | 1 3 4 5 |  5.1
Throwing       | 1 3 4 |  4.2
Axes           | 3 4 |  4.1

Action                   |  1- 3 |  4- 6 |  7- 9 | 10-12 || total
-------------------------+-------+-------+-------+-------++-------
Melee: Trident           |    70 |   121 |   346 |    76 ||   613
       Constrict         |    10 |    24 |    66 |    57 ||   157
       Tentacles         |     7 |    17 |    63 |    49 ||   136
       Punch             |     2 |       |     8 |     3 ||    13
       Hand axe          |       |       |       |   143 ||   143
Throw: Dart              |       |       |     1 |    20 ||    21
Invok: Call Merchant     |       |       |     1 |       ||     1
  Use: Scroll            |       |       |    16 |     2 ||    18
 Stab: Sleeping          |    12 |    12 |     3 |     8 ||    35
       Distracted        |       |       |     1 |     3 ||     4
Armor: Skin              |     4 |     2 |    11 |     3 ||    20
Dodge: Dodged            |    16 |    36 |   182 |   149 ||   383
Block: Buckler           |     7 |    10 |    67 |    72 ||   156

Table legend: (Time is in decaauts)
 A = Elapsed time spent in this place.
 B = Non-inter-level travel time spent in this place.
 C = Inter-level travel time spent in this place.
 D = Time resting spent in this place.
 E = Time spent auto-exploring this place.
 F = Levels seen in this place.
 G = Mean time per level.
                   A        B        C        D        E       F      G
               +--------+--------+--------+--------+--------+-----+--------+
         Total |  10903 |  10433 |    470 |    492 |   7469 |  13 |  838.7 |
       Dungeon |   9606 |   9146 |    460 |    466 |   6783 |  10 |  960.6 |
        Temple |    116 |    106 |     10 |     22 |     53 |   1 |  116.0 |
         Sewer |    620 |    620 |      0 |      0 |    403 |   1 |  620.0 |
        Bailey |    559 |    559 |      0 |      4 |    230 |   1 |  559.0 |
               +--------+--------+--------+--------+--------+-----+--------+

Top non-repeatable levels by time:
     D:8: 1324 daAuts
     D:2: 1231 daAuts
     D:5: 1134 daAuts
     D:6: 1034 daAuts
     D:7: 1023 daAuts
     D:4: 1021 daAuts
     D:9: 964 daAuts
     D:1: 876 daAuts
     D:3: 678 daAuts
   Sewer: 620 daAuts
  Bailey: 559 daAuts
    D:10: 319 daAuts
  Temple: 116 daAuts
